 Dungeon Crawl Stone Soup version 0.29.1-2-gbd0b4ee654 (webtiles) character file.

Game seed: 1420769145684535465

3188 Lutefisk the Fighter (level 9, -5/98 (105) HPs)
             Began as an Ogre Cinder Acolyte on Nov 13, 2022.
             Was a Believer of Ignis.
             Slain by a wight
             ... wielding a +0 falchion
              (6 damage)
             ... on level 8 of the Dungeon.
             The game lasted 00:30:55 (5075 turns).

Lutefisk the Fighter (Ogre Cinder Acolyte)          Turns: 5075, Time: 00:30:56

HP:   -5/98 (105)   AC: 13    Str: 20    XL:     9   Next: 95%
MP:   18/18         EV:  9    Int: 17    God:    Ignis [**....]
Gold: 437           SH:  7    Dex:  6    Spells: 13/20 levels left

rFire   + . .      SeeInvis .   r - +7 Throatcutter {drain, coup de grace}
rCold   . . .      Faith    .   w - +0 kite shield
rNeg    . . .      Spirit   .   i - +0 steam dragon scales
rPois   .          Reflect  .   (helmet restricted)
rElec   .          Harm     .   (no cloak)
rCorr   +          Rampage  .   (gloves unavailable)
Will    .....                   (boots unavailable)
Stlth   +.........              (no amulet)
HPRegen 0.26/turn               y - ring of resist corrosion
MPRegen 0.16/turn               (no ring)

@: fiery-armoured, drained
A: large, unfitting armour, tough skin 1
a: Renounce Religion, Fiery Armour, Foxfire Swarm, Rising Flame


You were on level 8 of the Dungeon.
You worshipped Ignis.
Ignis was pleased with you.
You visited 1 branch of the dungeon, and saw 8 of its levels.

You collected 437 gold pieces.

Inventory:

Hand Weapons
 a - a -1 spear of flaming
 b - a +2 glaive of flaming
 j - a +0 arbalest
 r - the +7 Throatcutter (weapon) {drain, coup de grace}
   (You found it on level 5 of the Dungeon)

   A truly terrible weapon, it drains the life of any living foe it strikes.
   It may instantly kill foes which have little health.
Missiles
 q - 2 curare-tipped darts
 D - 3 poisoned darts
 F - 7 boomerangs (quivered)
Armour
 i - +0 steam dragon scales (worn)
 w - a +0 kite shield (worn)
Jewellery
 y - a ring of resist corrosion (left hand)
 z - a ring of fire
 B - an amulet of faith
Scrolls
 e - a scroll of noise {unknown}
 g - 3 scrolls of enchant armour
 h - a scroll of vulnerability {unknown}
 p - a scroll of acquirement {unknown}
 s - a scroll of brand weapon {unknown}
 u - a scroll of butterflies {unknown}
 v - a scroll of fear {unknown}
 x - a scroll of amnesia {unknown}
 A - a scroll of immolation {unknown}
 C - a scroll of enchant weapon {unknown}
 E - a scroll of teleportation {unknown}
Potions
 c - a potion of ambrosia {unknown}
 d - a potion of resistance {unknown}
 f - a potion of cancellation
 k - a potion of heal wounds {unknown}
 l - a potion of attraction {unknown}
 m - a potion of mutation {unknown}
 n - 2 potions of haste {unknown}
 o - 2 potions of flight
 t - 3 potions of curing


   Skills:
 - Level 11.0 Fighting
 - Level 3.0 Polearms
 - Level 1.0 Throwing
 - Level 3.0 Armour
 - Level 5.0 Dodging
 - Level 1.0 Stealth
 * Level 5.5 Shields
 - Level 6.0 Spellcasting
 - Level 1.0 Transmutations
 - Level 2.6 Fire Magic
 - Level 2.0 Ice Magic
 - Level 1.0 Earth Magic


You had 13 spell levels left.
You knew the following spells:

 Your Spells              Type           Power      Damage    Failure   Level
a - Scorch                Fire           28%        2d6       14%         2
b - Frozen Ramparts       Ice            22%        1d4       36%         3
c - Passwall              Tmut/Erth      6%         N/A       28%         2

Your spell library contained the following spells:

 Spells                   Type           Power      Damage    Failure   Level
 Freeze                   Ice            44%        1d6       12%         1
 Beastly Appendage        Tmut           16%        N/A       19%         1
 Sandblast                Erth           16%        2d6       19%         1
 Apportation              Tloc           10%        N/A       28%         1
 Wereblood                Tmut           8%         N/A       28%         2
 Spider Form              Tmut/Pois      6%         N/A       56%         3
 Stone Arrow              Conj/Erth      12%        3d7       56%         3
 Call Canine Familiar     Summ           5%         N/A       63%         3
 Portal Projectile        Hex/Tloc       10%        N/A       63%         3
 Hailstorm                Conj/Ice       8%         3d4       88%         4
 Leda's Liquefaction      Hex/Erth       3%         N/A       92%         4
 Alistair's Intoxication  Tmut/Pois      4%         N/A       99%         5


Dungeon Overview and Level Annotations

Branches:
Dungeon (8/15)
 Temple: D:4-7         Lair: D:8-11

Altars:
Ashenzari
Fedhas
Gozag
Trog
Vehumet
Xom

Portals:
Bailey: D:8


Innate Abilities, Weirdness & Mutations

You are too large for most types of armour.
You have tough skin. (AC +1)


Message History

F - 5 boomerangs (gained 4)
Items here: )) [[ ††.
F - 7 boomerangs (gained 2)
Things that are here:
a +1 long sword; a +0 robe
Items here: )) [[ ††.
Things that are here:
a +0 hand axe; an orc corpse You hit the wight.
The wight is lightly damaged.
The wight hits you with a +0 falchion.
* * * LOW HITPOINT WARNING * * *
You feel drained.
* * * LOW HITPOINT WARNING * * *
The wight is burned by your cloak of flames.
The wight is lightly damaged.
The wight barely misses you.
You hit the wight.
The wight is moderately damaged.
The wight hits you with a +0 falchion.
* * * LOW HITPOINT WARNING * * *
The wight is burned by your cloak of flames.
The wight is heavily damaged.
Unknown command.
You barely miss the wight.
The wight is heavily damaged.
The wight hits you with a +0 falchion.
* * * LOW HITPOINT WARNING * * *
You feel drained.
* * * LOW HITPOINT WARNING * * *
The wight is burned by your cloak of flames.
The wight is almost destroyed.
The wight hits you but does no damage.
You hit the wight.
The wight is almost destroyed.
The wight barely misses you.
You barely miss the wight.
The wight is almost destroyed.
The wight barely misses you. The wight hits you with a +0 falchion.
You die...

#.# #.#.#.≈... #.#
#.#.#.≈≈~≈ #.# #.#.......
#.###.#.....# #.##..)..#
#.##..#.## ## #)##..#.#
.# #)##z.#.# .#########
#.)@..#.#
.##......########.##.##
)).(.............§§§..#
.##......######.§§§§§.#
###......# ###.§≈≈§§§§# #
#......# #...§≈≈§§≈..#
#......###.##§§≈.≈≈....
###......##..##.≈≈.≈≈....
.........##..##.≈≈.§§§...


You could see a wight.

Vanquished Creatures
  Maggie (D:6)
  Prince Ribbit (D:6)
  A hornet (D:5)
  Menkaure (D:7)
  An orc warrior (D:6)
  3 ice beasts
  A sky beast (D:6)
  2 black bears
  2 ogres (D:4)
  A centaur (D:8)
  A bullfrog (D:6)
  7 kobold brigands
  A gnoll sergeant (D:5)
  2 scorpions
  3 wights (D:8)
  2 hounds (D:6)
  A jelly (D:7)
  3 orc priests
  4 orc wizards
  3 iguanas
  8 gnolls
  5 adders
  2 shadow imps
  2 white imps
  An ufetubus (D:5)
  2 worms (D:2)
  2 dart slugs
  21 orcs
  8 endoplasms
  2 giant cockroaches
  15 goblins
  7 hobgoblins
  7 jackals
  2 quokkas (D:4)
  7 ball pythons
  A bat (D:3)
  2 frilled lizards (D:1)
  9 kobolds
  7 rats
151 creatures vanquished.

Notes
Turn   | Place    | Note
-------+----------+-------------------------------------------
     0 | D:1      | Lutefisk the Ogre Cinder Acolyte began the quest for the
                  | Orb.
     0 | D:1      | Reached XP level 1. HP: 24/24 MP: 2/2
   177 | D:1      | Reached XP level 2. HP: 30/33 MP: 3/3
   262 | D:1      | Reached skill level 5 in Fighting
   307 | D:1      | Reached XP level 3. HP: 42/42 MP: 4/4
   601 | D:2      | Reached skill level 6 in Fighting
   741 | D:2      | Learned a level 2 spell: Scorch
   891 | D:2      | Reached skill level 1 in Dodging
   951 | D:2      | Reached XP level 4. HP: 52/52 MP: 2/5
  1363 | D:3      | Reached XP level 5. HP: 21/59 MP: 1/6
  1587 | D:4      | Noticed a black bear
  1786 | D:4      | Noticed an ogre
  1887 | D:4      | Killed a black bear
  1888 | D:4      | Reached skill level 1 in Armour
  1888 | D:4      | Reached XP level 6. HP: 58/67 MP: 0/7
  1961 | D:4      | Noticed a hornet
  1987 | D:5      | Entered Level 5 of the Dungeon
  2110 | D:5      | Learned a level 3 spell: Frozen Ramparts
  2441 | D:5      | Found a shimmering altar of Xom.
  2461 | D:5      | Found a radiant altar of Vehumet.
  2477 | D:5      | Noticed an ice beast
  2491 | D:5      | Killed an ice beast
  2492 | D:5      | Reached skill level 7 in Fighting
  2492 | D:5      | Reached skill level 1 in Ice Magic
  2563 | D:5      | Found the +7 Throatcutter {drain, coup de grace}
  2572 | D:5      | Reached XP level 7. HP: 65/78 MP: 5/10
  2579 | D:5      | Reached skill level 8 in Fighting
  2694 | D:5      | Reached XP level 8. HP: 66/88 MP: 9/14
  2730 | D:5      | Reached skill level 5 in Spellcasting
  2860 | D:6      | Noticed Prince Ribbit
  2883 | D:6      | Found an opulent altar of Gozag.
  2961 | D:6      | Reached skill level 9 in Fighting
  2986 | D:6      | Reached skill level 10 in Fighting
  3223 | D:6      | Noticed Maggie
  3237 | D:6      | Killed Maggie
  3238 | D:6      | Reached skill level 5 in Dodging
  3238 | D:6      | Reached skill level 1 in Throwing
  3238 | D:6      | Reached skill level 1 in Stealth
  3238 | D:6      | Reached XP level 9. HP: 17/101 MP: 16/16
  3567 | D:6      | Killed Prince Ribbit
  3594 | D:6      | Found a bloodstained altar of Trog.
  3987 | D:7      | Noticed Menkaure
  3995 | D:7      | Killed Menkaure
  3996 | D:7      | Reached skill level 11 in Fighting
  3996 | D:7      | Reached skill level 1 in Shields
  4270 | D:5      | Paralysed by a hornet for 2 turns
  4277 | D:5      | Killed a hornet
  4281 | D:5      | HP: 5/105 [poisoned by a hornet]
  4772 | D:4      | Learned a level 2 spell: Passwall
  4973 | D:8      | Found a blossoming altar of Fedhas.
  5004 | D:8      | Found a broken altar of Ashenzari.
  5016 | D:8      | Found a flagged portal.
  5032 | D:8      | Reached skill level 1 in Transmutations
  5032 | D:8      | Reached skill level 1 in Earth Magic
  5046 | D:8      | Reached skill level 5 in Shields
  5073 | D:8      | HP: 3/100 [wight/+0 falchion (5)]
  5073 | D:8      | HP: 1/98 [wight/+0 falchion (2)]
  5075 | D:8      | Slain by a wight

Illustrated notes

Levels and vault maps discovered:
D:1:      kilobyte_arrival_exit_the_forest, layout_loops_ring,
          shapermc_ecumenical_altar_hornbeckon
D:2:      layout_loops_cross, serial_shops, nicolae_shop_crystal
D:3:      layout_loops_corners, dreamdust_mushroom_princess,
          minmay_goblin_outpost
D:4:      layout_rooms, minmay_temple_entry_fiery, grunt_ministairs_6
D:5:      layout_loops_cross, grunt_temple_overflow_open,
          dilly_guarded_unrand_throatcut
D:6:      layout_cave_pools, lemuel_crystal_altar, amcnicky_altar_gilded,
          uniq_maggie, uniq_prince_ribbit1
D:7:      layout_basic, minivault_19, uniq_menkaure
D:8:      layout_basic, dk_yredelemnul_ordeal, nicolae_overflow_crystal_walls,
          mainiacjoe_overflow_catwalk, enter_bailey_5, uniq_maurice

Skill      XL: |  1  2  3  4  5  6  7  8  9 |
---------------+----------------------------+-----
Fighting       | 5 6 7 8 10 11 | 11.0
Dodging        | 1 2 4 5 |  5.0
Armour         | 1 2 3 |  3.0
Ice Magic      | 1 2 |  2.0
Spellcasting   | 2 4 5 6 |  6.0
Throwing       | 1 |  1.0
Stealth        | 1 |  1.0
Shields        | 5 |  5.5
Transmutations | 1 |  1.0
Earth Magic    | 1 |  1.0
Polearms       | |  3.0
Fire Magic     | |  2.6

Action                   |  1- 3 |  4- 6 |  7- 9 || total
-------------------------+-------+-------+-------++-------
Melee: Spear             |   104 |   111 |    23 ||   238
       Punch             |     2 |       |     1 ||     3
       Long sword        |       |       |   159 ||   159
 Fire: Arbalest          |     4 |       |       ||     4
Throw: Dart              |       |       |     3 ||     3
 Cast: Scorch            |     5 |    36 |    34 ||    75
       Frozen Ramparts   |       |       |     1 ||     1
Invok: Fiery Armour      |     1 |     3 |     4 ||     8
  Use: Scroll            |       |     4 |     1 ||     5
       Potion            |       |     1 |     2 ||     3
Armor: Robe              |    17 |    33 |     7 ||    57
       Skin              |       |     5 |    32 ||    37
       Steam dragon scal |       |       |    41 ||    41
Dodge: Dodged            |    31 |    59 |    84 ||   174
Block: Kite shield       |       |       |    23 ||    23
